 Dungeon Crawl Stone Soup version 0.30.1-11-g7821555f0a (webtiles) character file.

Game seed: 15454004230386215030

437 rainze the Cudgeller (level 6, -1/56 HPs)
             Began as a Minotaur Berserker on Dec 18, 2023.
             Was a Believer of Trog.
             Killed from afar by a steam dragon (4 damage)
             ... with a ball of steam
             ... on level 7 of the Dungeon on Dec 19, 2023.
             The game lasted 00:30:18 (2212 turns).

rainze the Cudgeller (Minotaur Berserker)           Turns: 2212, Time: 00:30:18

Health: -1/56      AC: 13    Str: 23    XL:     6   Next: 69%
Magic:  4/4        EV:  4    Int:  4    God:    Trog [**....]
Gold:   102        SH:  0    Dex: 16    Spells: 5/5 levels left

rFire   x . .        a - +0 mace (drain)
rCold   . . .        (no shield)
rNeg    . . .        u - +0 plate armour
rPois   .            y - +2 hat
rElec   .            (no cloak)
rCorr   +            p - -1 pair of gloves "Xountip" {Harm Fly rF- rCorr SInv}
SInv    +            (no boots)
Will    +....        (no amulet) Stlth
                     g - +4 ring of slaying {sormirinkula}
HPRegen 0.29/turn    C - +6 ring of dexterity
MPRegen 0.09/turn

%: harm (+30% outgoing, +20% incoming)
@: weakened, flying, held
A: horns 2, retaliatory headbutt, low MP 1, strong-willed 1
a: Renounce Religion, Berserk, Trog's Hand


You were on level 7 of the Dungeon.
You worshipped Trog.
Trog was pleased with you.
You visited 1 branch of the dungeon, and saw 7 of its levels.

You collected 102 gold pieces.

Inventory:

Hand Weapons
 a - a +0 mace of draining (weapon)
 c - a +0 hand axe
 d - a +0 dagger
 e - a +0 short sword
 j - a +0 club
 l - a +0 club
 n - a +0 club
 o - a +0 falchion
 q - a +0 falchion
 t - a +0 long sword
 v - a +0 spear
 x - a +0 hand axe
 z - a +0 short sword
Missiles
 f - 21 stones
 I - 3 boomerangs
Armour
 b - a +0 animal skin
 h - a +1 robe
 m - a +0 leather armour
 p - the -1 pair of gloves "Xountip" (worn) {Harm Fly rF- rCorr SInv}
   (You acquired it on level 4 of the Dungeon)

   rF:        It makes you vulnerable to fire.
   SInv:      It lets you see invisible.
   Fly:       It grants you flight.
   rCorr:     It protects you from acid and corrosion.
   Harm:      It increases damage dealt and taken.
 r - a +0 scale mail
 s - a +0 leather armour
 u - a +0 plate armour (worn)
 y - a +2 hat (worn)
 G - a +1 helmet
Jewellery
 g - a +4 ring of slaying (left hand) {sormirinkula}
 B - a +6 ring of strength
 C - a +6 ring of dexterity (right hand)
Wands
 F - a wand of flame (19)
 H - a wand of mindburst (17) (quivered)
Scrolls
 w - a scroll of identify
 D - a scroll of noise
Potions
 k - a potion of mutation


   Skills:
 + Level 5.4 Fighting
 + Level 7.0 Maces & Flails
 + Level 3.3 Armour
 + Level 3.6 Dodging
 + Level 0.5 Stealth


You had 5 spell levels left.
You didn't know any spells.
Your spell library contained the following spells:

 Spells                   Type           Power      Damage    Failure   Level
 Shock                    Conj/Air       0%         1d3       100%        1
 Swiftness                Air            0%         N/A       100%        3
 Airstrike                Air            0%         2d(0-16)  100%        4


Dungeon Overview and Level Annotations

Branches:
Dungeon (7/15)             Temple (0/1) D:4

Altars:
Cheibriados
Elyvilon
Zin
The Shining One

Shops:
D:6 =


Innate Abilities, Weirdness & Mutations

You have a pair of horns on your head.
You reflexively headbutt those who attack you in melee.
Your magical capacity is low. (-10% MP)
You are strong-willed. (Will+)


Message History

The gnoll hits you from afar with a +0 spear.
* * * LOW HITPOINT WARNING * * *
The gnoll barely misses you. You furiously retaliate!
You headbutt the gnoll! The gnoll barely misses you.
The bullfrog barely misses you.
The gnoll bouda gazes fiercely through you!
You feel as though you will be weak longer.
There are monsters nearby!
There are monsters nearby!
Throw: 22 stones
Press: ? - help, Shift-Dir - straight line You throw a stone.
The stone closely misses the white imp.
The stone barely misses the steam dragon.
The gnoll bouda prays to its god.
The gnoll bouda is healed somewhat.
The gnoll closely misses you. You furiously retaliate!
You headbutt the gnoll.
The bullfrog hits you but does no damage.
The gnoll hits you but does no damage.
The orc wizard hits you but does no damage.
The sky beast flickers out of sight for a moment.
The gnoll hits you but does no damage.
The white imp hits you but does no damage.
The gnoll hits you but does no damage. The gnoll hits you with a +0 flail.
* * * LOW HITPOINT WARNING * * *
The gnoll barely misses you.
The gnoll bouda calls upon its god to heal the gnoll.
The gnoll is healed somewhat.
Blink to where?
Press: ? - help, Dir - move target An orc priest, 2 orc wizards and 2 orcs come into view.
Found 16 gold pieces.
As you read the scroll of blinking, it crumbles to dust.
The orc wizard shouts!
The orc shouts!
The orc priest shouts!
The orc shouts!
The gnoll bouda is no longer moving quickly.
The white imp gestures at you. The puff of frost misses you.
The gnoll throws a throwing net.
The throwing net hits you.
You become entangled in the net!
You struggle against the net.
The gnoll is no longer moving quickly. x2
The steam dragon breathes steam at you. The ball of steam hits you.
The steam scalds you terribly!
You die...

#..o.g.......
#..ggFY............
#...g..gg..........
#....g5Dg..........
##.#...gY§..........
#..##.....§.........
#....<....§.........
#.....>.....§..$.....
##...........@.......
###.................
###.........o.....
##...##.........
###.##...ooo...
#####.o..... ...###.
...#


You could see a sky beast (invisible), a gnoll bouda, an orc priest, 2 orc
wizards, 5 gnolls and 2 orcs.

Vanquished Creatures
  A scorpion (D:6)
  3 killer bees (D:5)
  2 hounds
  2 iguanas
  A sleepcap (D:5)
  Terence (D:3)
  A gnoll (D:7)
  An adder (D:2)
  5 dart slugs
  3 orcs
  5 endoplasms
  A giant cockroach (D:3)
  4 goblins
  A hobgoblin (D:1)
  7 jackals
  A kobold (D:1)
  A quokka (D:1)
  5 ball pythons
  6 bats
  3 frilled lizards (D:1)
  7 rats
61 creatures vanquished.

Notes
Turn   | Place    | Note
-------+----------+-------------------------------------------
     0 | D:1      | rainze the Minotaur Berserker began the quest for the Orb.
     0 | D:1      | Reached XP level 1. HP: 19/19 MP: 0/0
   285 | D:1      | Reached XP level 2. HP: 25/27 MP: 1/1
   549 | D:1      | Reached skill level 4 in Maces & Flails
   961 | D:2      | Reached XP level 3. HP: 34/34 MP: 2/2
  1137 | D:3      | Reached ** piety under Trog
  1150 | D:3      | Noticed Terence
  1160 | D:3      | Killed Terence
  1161 | D:3      | Reached XP level 4. HP: 25/41 MP: 3/3
  1232 | D:3      | Reached skill level 5 in Maces & Flails
  1244 | D:3      | Found a white marble altar of Elyvilon.
  1244 | D:3      | Found a glowing golden altar of the Shining One.
  1245 | D:3      | Found a glowing silver altar of Zin.
  1594 | D:4      | Reached XP level 5. HP: 47/47 MP: 4/4
  1648 | D:4      | Found a snail-covered altar of Cheibriados.
  1678 | D:4      | Identified a scroll of acquirement
  1678 | D:4      | Acquired the -1 pair of gloves "Xountip" {Harm Fly rF-
                  | rCorr SInv}
  1836 | D:4      | Found a staircase to the Ecumenical Temple.
  1949 | D:5      | Entered Level 5 of the Dungeon
  1953 | D:5      | Reached skill level 5 in Fighting
  1984 | D:5      | Reached skill level 6 in Maces & Flails
  1988 | D:5      | Reached XP level 6. HP: 55/56 MP: 5/5
  2028 | D:6      | Found Fioshrate's Jewellery Shop.
  2182 | D:6      | Reached skill level 7 in Maces & Flails
  2192 | D:7      | Noticed a sky beast
  2194 | D:7      | Noticed an ice beast
  2196 | D:7      | Noticed a steam dragon
  2204 | D:7      | Gained mutation: Your magical capacity is low. (-10% MP)
                  | [potion of mutation]
  2204 | D:7      | Gained mutation: You are strong-willed. (Will+) [potion of
                  | mutation]
  2212 | D:7      | Killed from afar by a steam dragon

Illustrated notes

Levels and vault maps discovered:
D:1:      saegor_arrival_miasma, layout_basic
D:2:      layout_basic
D:3:      layout_rooms, good_gods_temple_1, uniq_terence
D:4:      layout_basic, cheibriados_altar_1, minmay_temple_entry_ruins
D:5:      layout_loops_ring, mainiacjoe_overflow_24_doors
D:6:      layout_loops_corners, grunt_temple_overflow_open, serial_shops,
          nicolae_diamond_shop, minivault_27, hangedman_decor_points
D:7:      layout_cave_pools

Skill      XL: |  1  2  3  4  5  6 |
---------------+-------------------+-----
Fighting       | 4 5 |  5.4
Maces & Flails | 4 5 6 7 |  7.0
Dodging        | 3 |  3.6
Armour         | 3 |  3.3
Stealth        | |  0.5

Action                     |  1- 3 |  4- 6 || total
---------------------------+-------+-------++-------
  Melee: Mace              |    53 |    44 ||    97
         Headbutt          |     4 |     8 ||    12
  Throw: Stone             |       |     1 ||     1
    Use: Scroll            |     5 |     7 ||    12
         Potion            |       |     7 ||     7
 Armour: Animal skin       |     3 |       ||     3
         Robe              |    11 |     1 ||    12
         Scale mail        |       |    13 ||    13
         Plate armour      |       |    64 ||    64
  Dodge: Dodged            |    56 |    51 ||   107
